 Dungeon Crawl Stone Soup version 0.15-a0-674-g7948ca6 (webtiles) character file.

79 4tharraofdagon the Firebug (level 4, -3/24 HPs)
             Began as a Tengu Fire Elementalist on May 9, 2014.
             Shot with an arrow by a centaur (7 damage)
             ... on Level 6 of the Dungeon.
             The game lasted 00:05:25 (670 turns).

4tharraofdagon the Firebug (Tengu Fire Elementalist) Turns: 670, Time: 00:05:25

HP  -3/24        AC  2     Str  8      XL: 4   Next: 38%
MP   9/9         EV 12     Int 16      God:
Gold 19          SH  0     Dex 15      Spells:  3 memorised,  0 levels left

rFire  . . .     SeeInvis .     j - +2,+0 mace (drain)
rCold  . . .     Clarity  .     a - +0 robe
rNeg   . . .     Conserve .     (no shield)
rPois  .         rCorr    .     (helmet restricted)
rElec  .         rRot     .     (no cloak)
SustAb . .       Spirit   .     (no gloves)
rMut   .         Warding  .     (boots unavailable)
Saprov . . .     Stasis   .     (no amulet)
MR     .....                    (no ring)
                                (no ring)

@: not resistant to hostile enchantments, unstealthy
A: beak, talons 3
a: no special abilities


You were on level 6 of the Dungeon.
You were not hungry.

You visited 1 branch of the dungeon, and saw 7 of its levels.

You collected 48 gold pieces.
You spent 29 gold pieces at shops.

Inventory:

Hand weapons
 j - a +2,+0 mace of draining (weapon)
Armour
 a - a +0 robe (worn)
Comestibles
 c - a bread ration
 f - an apple
Scrolls
 d - 2 scrolls of teleportation {unknown}
 e - 2 scrolls of noise {unknown}
 h - 2 scrolls of identify {unknown}
 l - a scroll of random uselessness {unknown}
 m - a scroll of amnesia {unknown}
 o - a scroll of recharging {unknown}
Potions
 n - a potion of might
Books
 b - a book of Flames

   Spells                             Type                      Level
   *Flame Tongue                      Conjuration/Fire             1
   Throw Flame                        Conjuration/Fire             2
   *Conjure Flame                     Conjuration/Fire             3
   Inner Flame                        Hexes/Fire                   3
   *Sticky Flame                      Conjuration/Fire             4
   Fireball                           Conjuration/Fire             5


   Skills:
 - Level 2.1 Dodging
 - Level 2.0 Stealth
 + Level 2.6 Spellcasting
 * Level 3.1 Conjurations
 * Level 4.3 Fire Magic


You couldn't memorise any spells.
You knew the following spells:

 Your Spells              Type           Power        Failure   Level  Hunger
a - Flame Tongue          Conj/Fire      ##...        6%          1    #......
b - Conjure Flame         Conj/Fire      ##......     14%         3    ###....
c - Sticky Flame          Conj/Fire      ##......     50%         4    #####..


Dungeon Overview and Level Annotations

Branches:
Dungeon (7/15)
 Temple: D:4-7

Altars:
Xom
The Shining One

Shops:
D:7 *


Innate Abilities, Weirdness & Mutations

You have a beak for a mouth.
You have claws for feet.


Message History

Ouch! That really hurt!
The centaur shoots an arrow.
The arrow barely misses you.
Unknown command.
Drink which item? (? for menu, Esc to quit)
You feel much better.
It was a potion of heal wounds.
The centaur shoots an arrow.
The arrow closely misses you.
Unknown command.
Read which item? (? for menu, Esc to quit)
As you read the scroll labeled GIYSMO DEFFU, it crumbles to dust.
You feel blessed for a moment.
It was a scroll of remove curse.
The centaur shoots an arrow.
The arrow hits you!
Ouch! That really hurt!
The centaur shoots an arrow.
The arrow hits you.
* * * LOW HITPOINT WARNING * * *
Read which item? (? for menu, Esc to quit)
As you read the scroll labeled NOCHUU CAUCRIG, it crumbles to dust.
You feel aware of your surroundings.
You sensed 1 shop/portal.
It was a scroll of magic mapping.
The centaur shoots an arrow.
The arrow hits you!
You die...

.........<%..................,,,,
..............................,,,
..............................,,,
........................... ,,,,
.........................,,,,,,,,
.#...<..#>.....#.........,,,,,***
.#...####......#(........,,,,**
.....# #......#.......c.,,,,*
...### ###...##@.....w..,,,,*
...# #...##$........, ,** ###*
#...###.......,,,,* #####
*.......,,, * *....... ,,,* *
**......,,,,,* ***
*,,,.....,,,,,,***,,
*,,,....,,,,,,,,,,,,
*,,,.,,,,,,,,,,,,,,,


You could see a worm and a centaur.

Vanquished Creatures
  A goliath beetle (D:7)
  A hound skeleton (D:4)
  A giant mite (D:3)
  A giant gecko (D:6)
  An orc (D:7)
  A ball python (D:1)
  A giant cockroach (D:1)
  5 hobgoblins
  4 bats
  A giant newt (D:2)
  2 goblins
  3 kobolds
22 creatures vanquished.

Notes
Turn   | Place    | Note
--------------------------------------------------------------
     0 | D:1      | 4tharraofdagon, the Tengu Fire Elementalist, began the quest for the Orb.
     0 | D:1      | Reached XP level 1. HP: 10/10 MP: 3/3
   150 | D:1      | Reached XP level 2. HP: 15/15 MP: 1/5
   247 | D:4      | Reached XP level 3. HP: 10/19 MP: 0/7
   252 | D:4      | Learned a level 3 spell: Conjure Flame
   366 | D:5      | Entered Level 5 of the Dungeon
   391 | D:6      | Found a glowing golden altar of the Shining One.
   421 | D:6      | Reached skill level 4 in Fire Magic
   442 | D:7      | Noticed an ogre
   543 | D:7      | Found a shimmering altar of Xom.
   557 | D:7      | Noticed a scorpion
   598 | D:7      | Reached XP level 4. HP: 24/24 MP: 1/9
   606 | D:7      | Found Voymitt's Assorted Antiques.
   613 | D:7      | Learned a level 4 spell: Sticky Flame
   619 | D:7      | Bought a scroll labeled UXUJIEM FEASI for 29 gold pieces
   665 | D:6      | Noticed a centaur
   670 | D:6      | Shot with an arrow by a centaur

Action                   |  1- 3 |  4- 6 || total
-------------------------+-------+-------++-------
Melee: Unarmed           |    21 |       ||    21
       Mace              |     3 |     1 ||     4
 Cast: Flame Tongue      |    31 |       ||    31
       Conjure Flame     |     3 |       ||     3
  Use: Potion            |     2 |     1 ||     3
       Scroll            |       |     2 ||     2

Vault maps used:
D:1:      ncdulo_lavacross
D:2:      lemuel_crystal_altar, bloody_makhleb
D:4:      first_bread, minmay_misc_feat_enclosed
D:5:      kennysheep_little_box, nicolae_overflow_hidden_temple,
          nemelex_lonely_heart_becter
D:6:      kennysheep_mini_moat, serial_shops, shop
D:7:      serial_shops, shop, basic_altar
